 Dungeon Crawl Stone Soup version 0.29-a0-284-gf9362112df (webtiles) character file.

Game seed: 41471775761211641

33 siradein the Firebug (level 3, -4/24 HPs)
             Began as a Demonspawn Fire Elementalist on Mar 31, 2022.
             Slain by a hobgoblin
             ... wielding a +1 mace of holy wrath
              (9 damage)
             ... on level 1 of the Dungeon.
             The game lasted 00:03:22 (919 turns).

siradein the Firebug (Demonspawn Fire Elementalist)  Turns: 919, Time: 00:03:23

Health: -4/24      AC:  3    Str:  8    XL:     3   Next: 12%
Magic:  1/6        EV: 11    Int: 24    God:
Gold:   44         SH:  0    Dex: 13    Spells: 3/6 levels left

rFire   + . .      SeeInvis .   g - +0 spear
rCold   . . .      Faith    .   (no shield)
rNeg    . . .      Spirit   .   k - +0 leather armour
rPois   .          Reflect  .   (no helmet)
rElec   .          Harm     .   (no cloak)
rCorr   .          Rampage  .   (no gloves)
Will    .....                   (no boots)
Stlth   ++........              (no amulet)
HPRegen 0.08/turn               d - +6 ring of intelligence
MPRegen 0.10/turn               a - ring of protection from fire

@: no status effects
A: demonic magic 1
a: no special abilities


You were on level 1 of the Dungeon.
You visited 1 branch of the dungeon, and saw 1 of its levels.

You collected 44 gold pieces.

Inventory:

Hand Weapons
 g - a +0 spear (weapon)
Armour
 k - a +0 leather armour (worn)
Jewellery
 a - a ring of protection from fire (right hand)
 d - a +6 ring of intelligence (left hand)
Scrolls
 c - a scroll of enchant armour {unknown}
 e - a scroll of amnesia {unknown}
 f - a scroll of immolation {unknown}
 i - a scroll of identify {unknown}
 j - a scroll of magic mapping {unknown}
Potions
 b - a potion of magic
 h - a potion of curing {unknown}
 l - a potion of attraction {unknown}


   Skills:
 + Level 2.2 Dodging
 - Level 1.7 Stealth
 + Level 2.4 Spellcasting
 + Level 1.6 Conjurations
 + Level 3.0 Fire Magic


You had 3 spell levels left.
You knew the following spells:

 Your Spells              Type           Power      Damage    Failure   Level
a - Foxfire               Conj/Fire      56%        2x1d6     6%          1
b - Scorch                Fire           34%        2d7       7%          2

Your spell library contained the following spells:

 Spells                   Type           Power      Damage    Failure   Level
 Conjure Flame            Conj/Fire      14%        6-21      19%         3
 Inner Flame              Hex/Fire       10%        N/A       26%         3
 Flame Wave               Conj/Fire      14%        2d6       54%         4


Dungeon Overview and Level Annotations

Branches:
Dungeon (1/15)

Altars:


Innate Abilities, Weirdness & Mutations

Spells you cast may paralyse adjacent enemies.


Message History

The jackal barely misses you. The jackal closely misses you.
The helpless bat fails to defend itself.
You hit the bat.
You kill the bat!
The foxfire hits the jackal.
The jackal is heavily wounded.
The foxfire hits the jackal.
You kill the jackal!
The jackal bites you but does no damage. x2
The hobgoblin drinks a potion.
The hobgoblin flickers and vanishes!
Deactivating autopickup; reactivate with Ctrl-A.
Casting: Foxfire (safe; 6% risk of failure)
Confirm with . or Enter, or press ? or * to list all spells.
You conjure some foxfire!
Malevolent energies surge around you.
The jackal suddenly stops moving! x2
The helpless jackal fails to defend itself.
You hit the jackal.
The jackal is moderately wounded.
The foxfire hits the jackal but does no damage.
The jackal is moderately wounded.
The foxfire hits the jackal but does no damage.
The jackal is moderately wounded.
Your magical contamination has completely faded away.
The helpless jackal fails to defend itself.
You hit the jackal but do no damage.
The jackal is moderately wounded.
The jackal is no longer paralysed. x2; The jackal misses you.
The jackal barely misses you. The jackal closely misses you. x2
You closely miss the jackal.
The jackal is moderately wounded.
The jackal bites you but does no damage.
The jackal bites you.
Unknown command.
You closely miss the jackal.
The jackal is moderately wounded.
The jackal bites you. The jackal closely misses you. The jackal bites you.
Something hits you.
* * * LOW HITPOINT WARNING * * *
You convulse!
You die...

#...# ###.# #.# #### #.#
##...## #####.#######
##.....###
............###.........
######.####.##.........#
#.#....##...h......
#.#.##....†@†.....#
#.#......#..h......
#......#.#...!..#..
##.#..##.###...#...
#....##.## #### .. ##
##.......## . .###
#......... #..##
#.#.##....
#...####.#.......


You could see 2 jackals.

Vanquished Creatures
  2 dart slugs (D:1)
  An endoplasm (D:1)
  A giant cockroach (D:1)
  2 goblins (D:1)
  3 hobgoblins (D:1)
  7 jackals (D:1)
  A kobold (D:1)
  A quokka (D:1)
  2 ball pythons (D:1)
  2 bats (D:1)
  A frilled lizard (D:1)
  3 rats (D:1)
26 creatures vanquished.

Vanquished Creatures (others)
  54 foxfires (D:1)
54 creatures vanquished.

Grand Total: 80 creatures vanquished

Notes
Turn   | Place    | Note
-------+----------+-------------------------------------------
     0 | D:1      | siradein the Demonspawn Fire Elementalist began the quest
                  | for the Orb.
     0 | D:1      | Reached XP level 1. HP: 13/13 MP: 3/3
   283 | D:1      | Gained mutation: Spells you cast may paralyse adjacent
                  | enemies. [demonic ancestry]
   283 | D:1      | Reached XP level 2. HP: 19/19 MP: 3/5
   286 | D:1      | Learned a level 2 spell: Scorch
   758 | D:1      | Found a faded altar of an unknown god.
   770 | D:1      | Reached skill level 3 in Fire Magic
   913 | D:1      | Reached XP level 3. HP: 19/24 MP: 2/6
   919 | D:1      | Slain by a hobgoblin

Illustrated notes

Levels and vault maps discovered:
D:1:      scummos_arrival_hexagon, layout_loops_cross,
          ebering_ecumenical_altar_webs

Skill      XL: |  1  2 |
---------------+-------+-----
Dodging        | 2 |  2.2
Fire Magic     | 3 |  3.0
Stealth        | |  1.7
Spellcasting   | |  2.4
Conjurations   | |  1.6

Action                   || total
-------------------------++-------
Melee: Spear             ||    29
 Cast: Foxfire           ||    33
 Stab: Sleeping          ||     3
       Paralysed         ||    17
Armor: Robe              ||     7
       Leather armour    ||    11
Dodge: Dodged            ||    28

Table legend: (Time is in decaauts)
 A = Elapsed time spent in this place.
 B = Non-inter-level travel time spent in this place.
 C = Inter-level travel time spent in this place.
 D = Time resting spent in this place.
 E = Time spent auto-exploring this place.
 F = Levels seen in this place.
 G = Mean time per level.
                   A        B        C        D        E       F      G
               +--------+--------+--------+--------+--------+-----+--------+
         Total |    920 |    920 |      0 |      0 |    703 |   1 |  920.0 |
       Dungeon |    920 |    920 |      0 |      0 |    703 |   1 |  920.0 |
               +--------+--------+--------+--------+--------+-----+--------+

Top non-repeatable levels by time:
     D:1: 920 daAuts
